 Dungeon Crawl Stone Soup version 0.29.0-3-gbb0933ed62 (webtiles) character file.

Game seed: 16374605164466629949

104 themarg the Magician (level 4, -6/38 HPs)
             Began as a Gnoll Wanderer on Aug 25, 2022.
             Was an Initiate of Gozag.
             Mangled by a bullfrog (8 damage)
             ... in a sewer.
             The game lasted 00:07:22 (2572 turns).

themarg the Magician (Gnoll Wanderer)               Turns: 2572, Time: 00:07:22

Health: -6/38      AC:  4    Str: 17    XL:     4   Next: 80%
Magic:  10/13      EV: 12    Int:  8    God:    Gozag
Gold:   260        SH:  0    Dex: 11    Spells: 16/17 levels left

rFire   . . .      SeeInvis .   m - +0 triple sword
rCold   . . .      Faith    .   (shield currently unavailable)
rNeg    . . .      Spirit   .   e - +0 leather armour
rPois   .          Reflect  .   (no helmet)
rElec   .          Harm     .   (no cloak)
rCorr   .          Rampage  .   (no gloves)
Will    .....                   c - +0 pair of boots
Stlth   +.........              (no amulet)
HPRegen 0.12/turn               (no ring)
MPRegen 0.13/turn               (no ring)

@: very slightly contaminated, very slow
A: fangs 1, strong nose, distributed training
a: Renounce Religion, Potion Petition, Call Merchant, Bribe Branch


You were in a sewer.
You worshipped Gozag.
Gozag was aware of your devotion.
You visited 1 branch of the dungeon, and saw 3 of its levels.
You also visited: Sewer.

You collected 283 gold pieces.
You paid 23 gold pieces to Gozag.

Inventory:

Hand Weapons
 m - a +0 triple sword (weapon)
Missiles
 h - 2 poisoned darts
Armour
 c - a +0 pair of boots (worn)
 e - a +0 leather armour (worn)
Scrolls
 a - a scroll of immolation
 f - a scroll of blinking
 g - a scroll of fear {unknown}
 j - a scroll of acquirement {unknown}
 n - 2 scrolls of amnesia
 o - a scroll of noise {unknown}
 p - a scroll of teleportation {unknown}
 s - a scroll of silence {unknown}
Potions
 b - a potion of invisibility
 d - a potion of haste
 l - a potion of cancellation
 r - a potion of mutation {unknown}


   Skills:
 + Level 4.7 Fighting
 + Level 1.3 Short Blades
 + Level 1.3 Long Blades
 + Level 1.3 Axes
 + Level 1.3 Maces & Flails
 + Level 1.3 Polearms
 + Level 1.3 Staves
 + Level 1.3 Ranged Weapons
 + Level 2.8 Throwing
 + Level 1.3 Armour
 + Level 2.8 Dodging
 + Level 1.3 Stealth
 + Level 1.3 Shields
 + Level 4.7 Unarmed Combat
 + Level 7.2 Spellcasting
 + Level 1.0 Conjurations
 + Level 1.0 Hexes
 + Level 1.0 Summonings
 + Level 1.0 Necromancy
 + Level 1.0 Translocations
 + Level 1.0 Transmutations
 + Level 1.0 Fire Magic
 + Level 1.0 Ice Magic
 + Level 1.0 Air Magic
 + Level 1.0 Earth Magic
 + Level 1.0 Poison Magic
 + Level 1.4 Invocations
 + Level 2.8 Evocations


You had 16 spell levels left.
You knew the following spells:

 Your Spells              Type           Power      Damage    Failure   Level
a - Freeze                Ice            16%        1d4       16%         1

Your spell library contained the following spells:

 Spells                   Type           Power      Damage    Failure   Level
 Foxfire                  Conj/Fire      16%        2x1d4     16%         1
 Conjure Flame            Conj/Fire      4%         6-21      43%         3
 Frozen Ramparts          Ice            8%         1d2       43%         3
 Inner Flame              Hex/Fire       4%         N/A       43%         3
 Flame Wave               Conj/Fire      4%         2d5       85%         4


Dungeon Overview and Level Annotations

Branches:
Dungeon (3/15)              Sewer (1/1)

Altars:
Gozag


Innate Abilities, Weirdness & Mutations

You have very sharp teeth.
Your uncanny sense of smell can sniff out nearby items.
Your experience applies equally to all skills.


Message History

Confirm with . or Enter, or press ? or * to list all spells.
Aiming: Freeze (safe; 16% risk of failure)
Press: ? - help, Shift-Dir - straight line, f/p - bullfrog
Aim: a bullfrog (lightly wounded)
You freeze the bullfrog.
The bullfrog is lightly wounded.
The bullfrog seems to slow down.
The bullfrog hits you. The bullfrog closely misses you.
Casting: Freeze (safe; 16% risk of failure)
Confirm with . or Enter, or press ? or * to list all spells.
Aiming: Freeze (safe; 16% risk of failure)
Press: ? - help, Shift-Dir - straight line, f - bullfrog, p - bullfrog
Aim: a bullfrog You freeze the bullfrog.
The bullfrog is lightly wounded.
The bullfrog closely misses you. The bullfrog barely misses you. x2
You closely miss the bullfrog. Your bite misses the bullfrog.
The bullfrog is lightly wounded.
The bullfrog is no longer moving slowly.
The bullfrog hits you.
The bullfrog releases a deep croak.
The bullfrog hits you. x2
* * * LOW HITPOINT WARNING * * *
The bullfrog hits you.
* * * LOW HITPOINT WARNING * * *
It was a potion of curing.
You feel better. The bullfrog hits you.
* * * LOW HITPOINT WARNING * * *
The bullfrog closely misses you. The bullfrog misses you.
The bullfrog hits you.
* * * LOW HITPOINT WARNING * * *
The bullfrog attacks as you move away! The bullfrog hits you.
* * * LOW HITPOINT WARNING * * *
You enter the shallow water.
Moving in this stuff is going to be slow.
The bullfrog releases a deep croak.
The bullfrog barely misses you.
Your unstable footing causes you to fumble your attack.
The bullfrog barely misses you. The bullfrog hits you!
You die...
Your body crumbles into a pile of gold.

#.~.##.~≈~.#≈≈≈≈≈≈≈≈≈#
#.#
##~###.~≈~.~≈~≈≈≈≈≈≈≈≈
#.# #.#
#.~≈~.≈~≈≈≈≈≈≈≈≈≈ #.#
#.# #.~≈~.≈≈≈≈≈≈~≈≈≈≈
#.# #∩#
#.~≈~.≈≈≈≈≈..~≈≈≈ #.#
#.# #.~≈~~≈≈≈≈.?.~≈≈≈
#.# #∩#
#.~≈~~≈≈≈~)!?.≈≈≈≈ #.#
#.# #.~≈~≈≈≈≈F~)?≈≈≈≈≈#
#.# ###
#.~≈≈~≈≈@F~~~≈≈≈≈≈# #.#
#.~≈~≈~≈~~~~..≈≈≈≈# #.#
#.~≈~≈~≈.~..~..≈≈# #~#
#.~≈≈~≈≈~~≈~~.∩~≈# #~#
#.~≈≈~≈≈≈~≈≈.~~≈≈# #~#
#.~≈≈~≈≈≈≈~≈≈≈~≈# #.#
#.~≈~~≈≈≈≈≈~≈≈≈≈# #.#
#.~≈~.≈≈≈≈≈≈~≈≈## #.#
#.~≈~.~~~~≈~≈≈########.#


You could see 2 bullfrogs.

Vanquished Creatures
  5 adders
  2 worms (D:3)
  5 ball pythons
  3 bats
  6 endoplasms
  9 giant cockroaches
  4 goblins
  2 hobgoblins
  2 jackals (D:2)
  A quokka (D:3)
  9 frilled lizards
  3 rats
51 creatures vanquished.

Vanquished Creatures (others)
  4 plants (D:2)
4 creatures vanquished.

Grand Total: 55 creatures vanquished

Notes
Turn   | Place    | Note
-------+----------+-------------------------------------------
     0 | D:1      | themarg the Gnoll Wanderer began the quest for the Orb.
     0 | D:1      | themarg set off with the following items: a +0 club, a
                  | potion of invisibility, a +0 pair of boots, a potion of
                  | haste, a +0 leather armour, a scroll of blinking; and the
                  | following spell memorised: Freeze; and the following spells
                  | available to memorise: Frozen Ramparts.
     0 | D:1      | Reached XP level 1. HP: 20/20 MP: 8/8
   167 | D:1      | Found a faded altar of an unknown god.
   545 | D:1      | Reached XP level 2. HP: 10/26 MP: 10/10
  1363 | D:2      | Found an opulent altar of Gozag.
  1372 | D:2      | Reached XP level 3. HP: 31/31 MP: 11/11
  1372 | D:2      | Became a worshipper of Gozag Ym Sagoz the Greedy
  1880 | D:3      | Found a glowing drain.
  1900 | D:3      | Reached skill level 1 in Invocations
  1921 | D:3      | Reached skill level 1 in Short Blades
  1921 | D:3      | Reached skill level 1 in Long Blades
  1921 | D:3      | Reached skill level 1 in Axes
  1921 | D:3      | Reached skill level 1 in Maces & Flails
  1921 | D:3      | Reached skill level 1 in Polearms
  1921 | D:3      | Reached skill level 1 in Staves
  1921 | D:3      | Reached skill level 1 in Ranged Weapons
  1921 | D:3      | Reached skill level 1 in Armour
  1921 | D:3      | Reached skill level 1 in Stealth
  1921 | D:3      | Reached skill level 1 in Shields
  1938 | Sewer    | Entered a sewer
  2040 | Sewer    | Reached XP level 4. HP: 31/38 MP: 13/13
  2285 | Sewer    | Reached skill level 1 in Conjurations
  2285 | Sewer    | Reached skill level 1 in Hexes
  2285 | Sewer    | Reached skill level 1 in Summonings
  2285 | Sewer    | Reached skill level 1 in Necromancy
  2285 | Sewer    | Reached skill level 1 in Translocations
  2285 | Sewer    | Reached skill level 1 in Transmutations
  2285 | Sewer    | Reached skill level 1 in Fire Magic
  2285 | Sewer    | Reached skill level 1 in Ice Magic
  2285 | Sewer    | Reached skill level 1 in Air Magic
  2285 | Sewer    | Reached skill level 1 in Earth Magic
  2285 | Sewer    | Reached skill level 1 in Poison Magic
  2563 | Sewer    | Noticed a bullfrog
  2563 | Sewer    | Noticed a bullfrog
  2571 | Sewer    | HP: 1/38 [bullfrog (4)]
  2572 | Sewer    | Mangled by a bullfrog

Illustrated notes

Levels and vault maps discovered:
D:1:      shiori_arrival_elements, layout_rooms, shapermc_ecumenical_altar_venn,
          nrook_mini_backslash, dk_noncrumbling_3
D:2:      cheibrodos_old_hovel, layout_rooms, basic_altar, serial_bayou,
          serial_bayou_pond_a, serial_bayou_pond_d, serial_bayou_ford_a,
          serial_bayou_shore_b
D:3:      layout_basic, cheibrodos_sewer_entry_drain,
          hangedman_abyss_or_decor_lesser_grid
Sewer:    sewer_frog_island_01

Skill      XL: |  1  2  3  4 |
---------------+-------------+-----
Invocations    | 1 |  1.4
Short Blades   | 1 |  1.3
Long Blades    | 1 |  1.3
Axes           | 1 |  1.3
Maces & Flails | 1 |  1.3
Polearms       | 1 |  1.3
Staves         | 1 |  1.3
Ranged Weapons | 1 |  1.3
Armour         | 1 |  1.3
Stealth        | 1 |  1.3
Shields        | 1 |  1.3
Conjurations   | 1 |  1.0
Hexes          | 1 |  1.0
Summonings     | 1 |  1.0
Necromancy     | 1 |  1.0
Translocations | 1 |  1.0
Transmutations | 1 |  1.0
Fire Magic     | 1 |  1.0
Ice Magic      | 1 |  1.0
Air Magic      | 1 |  1.0
Earth Magic    | 1 |  1.0
Poison Magic   | 1 |  1.0
Fighting       | |  4.7
Throwing       | |  2.8
Dodging        | |  2.8
Unarmed Combat | |  4.7
Spellcasting   | |  7.2
Evocations     | |  2.8

Action                   |  1- 3 |  4- 6 || total
-------------------------+-------+-------++-------
Melee: Club              |    60 |       ||    60
       Bite              |     6 |     2 ||     8
       Triple sword      |    54 |    68 ||   122
 Cast: Freeze            |       |     4 ||     4
  Use: Scroll            |     2 |       ||     2
       Potion            |       |     3 ||     3
Armor: Leather armour    |    59 |    36 ||    95
Dodge: Dodged            |   152 |    95 ||   247
